 Dungeon Crawl Stone Soup version 0.28-a0-199-g298df9dbad (webtiles) character file.

Game seed: 15120262829734214361

77 siradein the Chopper (level 4, -1/45 HPs)
             Began as a Vampire Berserker on Aug 20, 2021.
             Was a Believer of Trog.
             Slain by a gnoll (4 damage)
             ... on level 3 of the Dungeon.
             The game lasted 00:04:04 (1934 turns).

siradein the Chopper (Vampire Berserker)            Turns: 1934, Time: 00:04:05

Health: -1/45      AC:  2    Str: 16 (17) XL:     4   Next: 14%
Magic:  4/4        EV: 12    Int:  8 (9)  God:    Trog [**....]
Gold:   159        SH:  0    Dex: 11 (13) Spells: 3/3 levels left

rFire   . . .      SeeInvis +   h - +0 war axe
rCold   . . .      Faith    .   (no shield)
rNeg    . . .      Spirit   .   b - +0 animal skin
rPois   .          Reflect  .   (no helmet)
rElec   .          Harm     .   (no cloak)
rCorr   .          Rampage  .   (no gloves)
Will    ++...                   (no boots)
Stlth   ..........              (no amulet)
HPRegen 1.35/turn               p - ring of flight
MPRegen 0.09/turn               (no ring)

@: berserking, lethally poisoned (-1 -> -2), strong-willed, flying,
regenerating, very quick
A: alive, fangs 3, see invisible, vampiric 2, [frail 1]
a: Exsanguinate, Renounce Religion, Berserk, Trog's Hand


You were on level 3 of the Dungeon.
You worshipped Trog.
Trog was pleased with you.
You visited 1 branch of the dungeon, and saw 3 of its levels.

You collected 159 gold pieces.

Inventory:

Hand Weapons
 h - a +0 war axe (weapon)
Armour
 b - a +0 animal skin (worn)
Jewellery
 p - a ring of flight (left hand)
Scrolls
 a - 2 scrolls of identify {unknown}
 c - a scroll of immolation {unknown}
 d - a scroll of enchant armour {unknown}
 e - a scroll of noise {unknown}
 g - 4 scrolls of teleportation {unknown}
 i - a scroll of magic mapping {unknown}
 m - 2 scrolls of blinking {unknown}
Potions
 f - 4 potions of might {unknown}
 j - a potion of lignification {unknown}
 k - 2 potions of curing {unknown}
 l - 2 potions of degeneration {unknown}
 n - a potion of berserk rage {unknown}
 o - a potion of flight {unknown}


   Skills:
 - Level 2.6 Fighting
 + Level 4.6 Axes
 - Level 1.5 Armour
 - Level 2.1 Dodging


You had 3 spell levels left.
You didn't know any spells.
Your spell library was empty.

Dungeon Overview and Level Annotations

Branches:
Dungeon (3/15)

Altars:
Fedhas

Shops:
D:2 [


Innate Abilities, Weirdness & Mutations

Your natural rate of healing is accelerated.
You have razor-sharp teeth.
You have supernaturally acute eyesight. (SInv)
You are afflicted with vampirism and can become a bat while bloodless.
[You are frail. (-10% HP)]


Message History

You barely miss the orc.
The orc priest calls down the wrath of Beogh upon you.
Pain shoots through your body! The orc hits you with a +0 club.
You feel your strength returning.
Your skin crawls.
You feel strong-willed.
A bat comes into view.
The orc barely misses you.
You hit the orc priest but do no damage.
You hit the orc. The orc priest hits you with a +0 club.
The orc hits you with a +0 club. The orc priest barely misses you.
You hit the orc priest but do no damage.
You hit the orc. You hit the gnoll but do no damage.
The orc hits you with a +0 club.
The orc priest calls upon Beogh to heal the orc.
The orc's wounds heal themselves!
The gnoll hits you with a +2 spear of venom.
* * * LOW HITPOINT WARNING * * *
You hear a shout!
You barely miss the orc priest.
You bite the orc priest, but do no damage.
You hit the gnoll. You hit the orc but do no damage.
A gnoll comes into view. It is wielding a +0 flail.
The orc barely misses you. The orc priest barely misses you.
The gnoll hits you with a +2 spear of venom.
* * * LOW HITPOINT WARNING * * *
You are poisoned.
A red film seems to cover your vision as you go berserk!
You feel yourself moving faster!
You feel mighty!
You feel sick.
The gnoll shouts!
The orc closely misses you. The orc priest hits you with a +0 club.
* * * LOW HITPOINT WARNING * * *
The gnoll barely misses you.
You closely miss the orc priest.
You bite the orc priest, but do no damage.
You hit the gnoll. You closely miss the orc. The orc hits you with a +0 club.
* * * LOW HITPOINT WARNING * * *
The orc priest barely misses you.
The gnoll hits you with a +2 spear of venom.
You die...

#. #....# #. ..... ..##
#. #... ###...### #.
#..# #.......# #.# #..#
#.#.#.#.. #.#####..#
#.......$ ##........#
#.#.#.#.#
##...#####.#####.g.....#
..###.# #.......@#b#.#..
..# #.# #..####.oo..g..#
..###.###..## #####..>..
##........... .#..
###.#####.### # # # #.#
#. # #.# #. # #.# #.
....#


You could see an orc priest, 2 gnolls, an orc and a bat.

Vanquished Creatures
  An adder (D:2)
  A worm (D:2)
  2 dart slugs
  2 orcs (D:3)
  2 endoplasms (D:1)
  2 giant cockroaches (D:1)
  6 goblins
  7 hobgoblins
  4 jackals (D:2)
  3 quokkas
  3 ball pythons
  8 bats
  3 frilled lizards
  7 kobolds
  4 rats
55 creatures vanquished.

Notes
Turn   | Place    | Note
-------+----------+-------------------------------------------
     0 | D:1      | siradein the Vampire Berserker began the quest for the Orb.
     0 | D:1      | Reached XP level 1. HP: 17/17 MP: 1/1
    47 | D:1      | Reached skill level 3 in Axes
   108 | D:1      | Reached XP level 2. HP: 22/23 MP: 2/2
   401 | D:1      | Reached ** piety under Trog
   406 | D:1      | Gained mutation: You are afflicted with vampirism and can
                  | become a bat while bloodless. [Vampire growth]
   406 | D:1      | Reached XP level 3. HP: 27/28 MP: 3/3
   871 | D:2      | Reached skill level 4 in Axes
  1016 | D:2      | Found Cophydow's Armour Shop.
  1393 | D:2      | Reached XP level 4. HP: 7/30 MP: 4/4
  1869 | D:3      | Found a blossoming altar of Fedhas.
  1934 | D:3      | Slain by a gnoll

Illustrated notes

Levels and vault maps discovered:
D:1:      dpeg_arrival_rhombi, layout_loops_cross, st_stairs_1,
          corexii_item_surrounded_by_moat, minmay_ruptured
D:2:      layout_basic, serial_shops, shop_coins, glass_columns_b,
          minmay_between
D:3:      layout_loops_ring, mainiacjoe_overflow_small_starburst, serial_glass,
          glass_columns_b, glass_columns_a, glass_columns_b, glass_columns_c,
          glass_columns_b, glass_columns_a, glass_columns_a, glass_columns_a,
          ebering_ecumenical_altar_ruins, grunt_decor_cap, minmay_liquid_box,
          uniq_natasha

Skill      XL: |  1  2  3 |
---------------+----------+-----
Axes           | 3 4 |  4.6
Fighting       | |  2.6
Armour         | |  1.5
Dodging        | |  2.1

Action                   |  1- 3 |  4- 6 || total
-------------------------+-------+-------++-------
Melee: Hand axe          |    45 |       ||    45
       War axe           |    77 |    18 ||    95
       Bite              |     5 |     2 ||     7
Invok: Berserk           |     1 |     1 ||     2
       Trog's Hand       |       |     1 ||     1
 Abil: Bat Form          |     1 |       ||     1
       Exsanguinate      |     1 |       ||     1
       Revivify          |     1 |       ||     1
 Stab: Sleeping          |     2 |       ||     2
Armor: Animal skin       |    34 |     5 ||    39
Dodge: Dodged            |    85 |    22 ||   107

Table legend: (Time is in decaauts)
 A = Elapsed time spent in this place.
 B = Non-inter-level travel time spent in this place.
 C = Inter-level travel time spent in this place.
 D = Time resting spent in this place.
 E = Time spent auto-exploring this place.
 F = Levels seen in this place.
 G = Mean time per level.
                   A        B        C        D        E       F      G
               +--------+--------+--------+--------+--------+-----+--------+
         Total |   1967 |   1908 |     59 |     48 |   1491 |   3 |  655.7 |
       Dungeon |   1967 |   1908 |     59 |     48 |   1491 |   3 |  655.7 |
               +--------+--------+--------+--------+--------+-----+--------+

Top non-repeatable levels by time:
     D:2: 1034 daAuts
     D:1: 865 daAuts
     D:3: 67 daAuts
